 Dungeon Crawl Stone Soup version 0.19.1 (webtiles) character file.

3346 Dolanko the Grappler (level 9, 0/80 HPs)
             Began as a Troll Monk on Dec 24, 2016.
             Was a Priest of Hepliaklqana.
             Slain by Grum
             ... wielding a +1 spear
              (11 damage)
             ... on level 8 of the Dungeon.
             The game lasted 00:17:50 (4959 turns).

Dolanko the Grappler (Troll Monk)                   Turns: 4959, Time: 00:17:52

Health: 0/80       AC: 10    Str: 27    XL:     9   Next: 72%
Magic:  8/8        EV: 12    Int:  6    God:    Hepliaklqana [***...]
Gold:   506        SH:  0    Dex: 12    Spells: 0 memorised, 8 levels left

rFire  . . .     SeeInvis .       - Unarmed
rCold  . . .     Gourm    +     B - +0 troll leather armour
rNeg   . . .     Faith    .     (no shield)
rPois  .         Spirit   .     (helmet restricted)
rElec  .         Reflect  .     L - +2 cloak
rCorr  .         Harm     .     (gloves unavailable)
MR     .....                    (boots unavailable)
Stlth  ++........               (no amulet)
                                (no ring)
                                p - +3 ring of strength

@: no status effects
A: unfitting armour, reduced essence, claws 3, fast metabolism 3, gourmand,
regeneration 1, shaggy fur 1, tough skin 2
a: Recall Ancestor, Ancestor Identity, Transference, Renounce Religion


You were on level 8 of the Dungeon.
You worshipped Hepliaklqana.
Hepliaklqana was most pleased with you.
You were completely stuffed.

You visited 1 branch of the dungeon, and saw 8 of its levels.
You also visited: Sewer.

You collected 506 gold pieces.

Inventory:

Hand Weapons
 M - the +7 mace of the Special Lives {protect, Str+5 Int+3}
   (You found it on level 7 of the Dungeon)

   It protects the one who uses it against injury (+AC on strike).
   It affects your strength (+5).
   It affects your intelligence (+3).
Armour
 B - a +0 troll leather armour (worn)
 L - a +2 cloak (worn)
Jewellery
 e - an uncursed amulet of guardian spirit
 l - an uncursed ring of flight
 p - a +3 ring of strength (left claw)
 A - an uncursed ring of fire
 J - an uncursed ring of magical power
Wands
 v - a wand of iceblast (8/15)
 y - a wand of teleportation (3/9)
 D - a wand of polymorph (5/24)
Scrolls
 h - a scroll of magic mapping {unknown}
 m - 3 scrolls of enchant weapon
 o - a scroll of teleportation
 s - 2 scrolls of fear {unknown}
 t - a scroll of random uselessness {unknown}
 w - a scroll of immolation {unknown}
 z - a scroll of recharging {unknown}
 I - a scroll of remove curse
 K - a scroll of identify
Potions
 d - 4 potions of haste {unknown}
 f - a potion of invisibility
 g - 2 potions of degeneration {unknown}
 i - a potion of resistance {unknown}
 k - 2 potions of agility {unknown}
 n - 3 potions of flight {unknown}
 q - a potion of might {unknown}
 r - a potion of heal wounds {unknown}
 u - 5 potions of curing {unknown}
 x - 2 potions of lignification {unknown}
 E - a potion of magic {unknown}
 F - a potion of beneficial mutation {unknown}
 G - a potion of ambrosia {unknown}
 H - a potion of cancellation {unknown}
Comestibles
 b - 5 bread rations
 c - a beef jerky
 j - 3 royal jellies
 C - 2 meat rations


   Skills:
 + Level 5.8 Fighting
 + Level 1.9 Maces & Flails
 + Level 5.4 Dodging
 + Level 4.2 Stealth
 - Level 8.8 Unarmed Combat


You had 8 spell levels left.
You didn't know any spells.

Dungeon Overview and Level Annotations

Branches:
Dungeon (8/15)             Temple (0/1) D:7
   Lair: D:8-11

Altars:
Ashenzari
Cheibriados
Elyvilon
Fedhas
Gozag
Hepliaklqana
Makhleb
Nemelex Xobeh
Qazlal
Trog
The Shining One

Shops:
D:4 *   D:5 :   D:8 !

Annotations:
D:1 1 exclusion
D:8 Grum


Innate Abilities, Weirdness & Mutations

You are too large for most types of armour.
You have claws for hands.
Your metabolism is lightning-fast.
You like to eat raw meat.
Your natural rate of healing is unusually fast.
You are covered in fur. (AC +1)
You have very tough skin. (AC +2)
Your life essence is reduced. (-10% HP)


Message History

Dolanis hits the wolf but does no damage.
Grum barely misses you.
Your troll leather armour prevents you from hitting Grum.
Grum is severely wounded.
The wolf bites you but does no damage. The wolf closely misses you.
Dolanis barely misses the wolf.
Grum barely misses you. The wolf bites you.
* * * LOW HITPOINT WARNING * * *
You completely miss Grum.
Grum is severely wounded.
The wolf barely misses you. x2
Dolanis hits the wolf but does no damage.
Dolanis drains the wolf!
Grum closely misses you.
You claw Grum!
Grum is almost dead.
The wolf closely misses you. x2
Dolanis hits the wolf with a dagger of draining!
Dolanis drains the wolf!
The wolf dies!
The wolf closely misses you. Grum hits you with an enchanted spear!
You die...

#... #... . #... .. #...
...###+##############...
..................[.†.#+
..................)[#.%.
........$#.#......†÷#...
......h@..∩.............
......g†R#.#...........≈
........................
......................≈≈
##########.....###+..≈≈≈
#.....# .......
#.....#.....≈≈≈
#.....#........
#.....#.....≈≈≈


You could see the friendly Dolanis the hexer, Grum and a wolf.

Vanquished Creatures
  A troll (D:8)
  Grinder (D:3)
  A hippogriff (D:5)
  A black bear (D:5)
  2 phantoms (D:6)
  2 orc warriors
  4 ogres
  Purgy (Sewer)
  A wolf (D:8)
  A centaur (D:7)
  Blork the orc (D:4)
  3 bullfrogs
  2 scorpions
  A howler monkey (D:4)
  An electric eel (D:8)
  2 jellies
  2 orc priests (D:7)
  A bullfrog skeleton (D:5)
  Crazy Yiuf (D:7)
  A centaur skeleton (D:7)
  5 hounds
  4 orc wizards
  An iguana (D:6)
  Ijyb (D:2)
  4 worker ants
  A killer bee zombie (D:5)
  A hound skeleton (D:7)
  A worker ant zombie (D:7)
  4 gnolls (D:7)
  8 adders
  A shadow imp (D:6)
  An adder skeleton (D:5)
  A worm (D:2)
  2 dart slugs
  A leopard gecko (D:4)
  15 orcs
  3 ball pythons
  13 bats
  5 giant cockroaches
  8 goblins
  7 hobgoblins
  A jackal (D:8)
  11 kobolds
  3 quokkas
  5 frilled lizards
  A leopard gecko skeleton (D:5)
  14 rats
  A fungus (D:7)
153 creatures vanquished.

Vanquished Creatures (collateral kills)
  An ogre (D:7)
  2 wolves (D:8)
  A scorpion (D:5)
  An orc wizard (D:4)
  A worker ant (D:6)
  2 worms
  7 orcs
  2 ball pythons
  2 jackals (D:8)
19 creatures vanquished.

Vanquished Creatures (others)
  A hexer (D:7)
1 creature vanquished.

Grand Total: 173 creatures vanquished

Notes
Turn   | Place    | Note
-------+----------+-------------------------------------------
     0 | D:1      | Dolanko the Troll Monk began the quest for the Orb.
     0 | D:1      | Reached XP level 1. HP: 22/22 MP: 0/0
   177 | D:1      | Reached XP level 2. HP: 29/29 MP: 1/1
   790 | D:2      | Reached XP level 3. HP: 33/36 MP: 2/2
  1186 | D:2      | Noticed Ijyb
  1206 | D:2      | Killed Ijyb
  1206 | D:2      | Reached skill level 4 in Unarmed Combat
  1206 | D:2      | Reached XP level 4. HP: 42/45 MP: 3/3
  1588 | D:3      | Noticed Grinder
  1589 | D:3      | Paralysed by Grinder for 7 turns
  1630 | D:3      | Killed Grinder
  1630 | D:3      | Reached skill level 5 in Unarmed Combat
  1630 | D:3      | Reached XP level 5. HP: 21/53 MP: 4/4
  1630 | D:3      | Reached XP level 6. HP: 24/61 MP: 5/5
  1669 | D:3      | Found a glowing drain.
  1699 | Sewer    | Entered a sewer
  1732 | Sewer    | Noticed Purgy
  1739 | Sewer    | Killed Purgy
  1934 | D:4      | Found a hazy altar of Hepliaklqana.
  1951 | D:4      | Became a worshipper of Hepliaklqana the Forgotten
  1951 | D:4      | Reached * piety under Hepliaklqana
  1951 | D:4      | Reached ** piety under Hepliaklqana
  1955 | D:4      | Remembered your ancestor Dolanis as a hexer
  2097 | D:4      | Noticed Blork the orc
  2109 | D:4      | Killed Blork the orc
  2109 | D:4      | Reached XP level 7. HP: 61/61 MP: 6/6
  2138 | D:4      | Found a bloodstained altar of Trog.
  2201 | D:4      | Reached skill level 6 in Unarmed Combat
  2215 | D:4      | Found Ruemeyf's Assorted Antiques.
  2578 | D:5      | Entered Level 5 of the Dungeon
  2595 | D:5      | Noticed a hippogriff
  2604 | D:5      | Killed a hippogriff
  2647 | D:5      | Reached XP level 8. HP: 48/70 MP: 7/7
  2680 | D:5      | Reached skill level 7 in Unarmed Combat
  2772 | D:5      | Found Xampem Koso's Book Emporium.
  3352 | D:6      | Found a blossoming altar of Fedhas.
  3388 | D:6      | Found a white marble altar of Elyvilon.
  3391 | D:6      | Found a shattered altar of Ashenzari.
  3405 | D:6      | Found a sparkling altar of Nemelex Xobeh.
  3547 | D:6      | Found a glowing golden altar of the Shining One.
  3566 | D:6      | Reached *** piety under Hepliaklqana
  3762 | D:6      | Found a burning altar of Makhleb.
  3765 | D:6      | Found a snail-covered altar of Cheibriados.
  3768 | D:6      | Found an opulent altar of Gozag.
  3885 | D:6      | Reached skill level 8 in Unarmed Combat
  3990 | D:7      | Reached XP level 9. HP: 30/78 MP: 8/8
  3992 | D:7      | Reached skill level 5 in Fighting
  4149 | D:7      | Found a stormy altar of Qazlal.
  4159 | D:7      | Reached skill level 5 in Dodging
  4185 | D:7      | Found a staircase to the Ecumenical Temple.
  4329 | D:7      | Found a sparkling altar of Nemelex Xobeh.
  4724 | D:7      | Found a runed door.
  4728 | D:7      | Noticed Crazy Yiuf
  4733 | D:7      | Killed Crazy Yiuf
  4737 | D:7      | Got an ichor-stained mace
  4738 | D:7      | Identified the +7 mace of the Special Lives {protect, Str+5 Int+3} (You found it on level 7 of the Dungeon)
  4877 | D:8      | Noticed a troll
  4886 | D:8      | Killed a troll
  4886 | D:8      | Reached skill level 1 in Maces & Flails
  4937 | D:8      | Found Exze's Distillery.
  4942 | D:8      | Noticed Grum
  4959 | D:8      | Slain by Grum

Skill      XL: |  1  2  3  4  5  6  7  8  9 |
---------------+----------------------------+-----
Fighting       | 3 4 5 |  5.8
Unarmed Combat | 4 5 6 8 |  8.8
Dodging        | 3 4 5 |  5.4
Stealth        | 2 3 4 |  4.2
Maces & Flails | 1 |  1.9

Action                   |  1- 3 |  4- 6 |  7- 9 || total
-------------------------+-------+-------+-------++-------
Melee: Unarmed           |   109 |    86 |   228 ||   423
       Punch             |     2 |     2 |    13 ||    17
Invok: Ancestor Life: He |       |     1 |       ||     1
       Ancestor Identity |       |     1 |       ||     1
       Recall Ancestor   |       |       |     1 ||     1
       Transference      |       |       |     1 ||     1
  Use: Scroll            |       |     3 |     6 ||     9
 Stab: Sleeping          |     5 |     1 |     6 ||    12
       Confused          |       |       |     2 ||     2
       Distracted        |       |       |     2 ||     2
  Eat: Chunk             |    13 |     9 |    29 ||    51
Armor: Robe              |    43 |    39 |    54 ||   136
       Troll leather arm |       |       |    11 ||    11
Dodge: Dodged            |    46 |    50 |   141 ||   237
